 Dungeon Crawl Stone Soup version 0.21-a0-440-g28109cb (webtiles) character file.

8 theanonym the Skirmisher (level 2, 0/24 HPs)
             Began as a Formicid Monk on Nov 10, 2017.
             Slain by an ooze (3 damage)
             ... on level 1 of the Dungeon.
             The game lasted 00:02:47 (206 turns).

theanonym the Skirmisher (Formicid Monk)             Turns: 206, Time: 00:02:47

Health: 0/24       AC:  4    Str: 15    XL:     2   Next: 15%
Magic:  2/2        EV: 11    Int:  9    God:
Gold:   12         SH:  0    Dex: 13    Spells: 1/1 levels left

rFire    . . .     SeeInvis +   a - +0 falchion
rCold    . . .     Gourm    .   (no shield)
rNeg     . . .     Faith    .   e - -1 ring mail (curse)
rPois    .         Spirit   .   (helmet unavailable)
rElec    .         Reflect  .   (no cloak)
rCorr    .         Harm     .   (no gloves)
MR       .....                  (no boots)
Stlth    +.........             (no amulet)
HPRegen  0.08/turn              (no ring)
MPRegen  0.08/turn              (no ring)

@: no status effects
A: permanent stasis, dig shafts and tunnels, four strong arms, antennae 3
a: Dig, Shaft Self


Innate Abilities, Weirdness & Mutations

You cannot be hasted, slowed, berserked, paralysed or teleported.
You can dig through walls and to a lower floor.
Your four strong arms can wield two-handed weapons with a shield.
You have a pair of large antennae on your head. (SInv)


   Skills:
 + Level 3.5 Fighting
 * Level 3.4 Long Blades
 - Level 2.6 Dodging
 - Level 2.4 Stealth


You had one spell level left.
You didn't know any spells.

Action                   || total
-------------------------++-------
Melee: Falchion          ||    23
  Use: Scroll            ||     1
Armor: Ring mail         ||     8
Dodge: Dodged            ||    22
       Rpst.: Falchion   ||     5

Inventory:

Hand Weapons
 a - a +0 falchion (weapon)
Armour
 b - a +0 robe
 e - a cursed -1 ring mail (worn)
   (You found it on level 1 of the Dungeon)
Comestibles
 c - 2 bread rations
 d - 2 chunks of flesh

Dungeon Overview and Level Annotations

Branches:
Dungeon (1/15)

Altars:


You were on level 1 of the Dungeon.
You were not hungry.

You visited 1 branch of the dungeon, and saw 1 of its levels.

You collected 12 gold pieces.


Message History

d - 2 chunks of flesh (gained 1)
Found a buckler.
Health restored: 18 You sense a monster nearby.
An ooze, a hobgoblin and a kobold come into view.
The kobold is wielding a short sword of venom.
Found 11 arrows.
There are monsters nearby!
A giant cockroach comes into view.
The kobold shouts!
The kobold throws a stone.
The stone closely misses you. The hobgoblin hits you with a club.
Found a stone staircase leading down.
Things that are here:
a stone; 11 arrows You take 2 damage, and have 16/18 hp.
You aren't carrying any potions.
Welcome back, theanonym the Formicid Monk.
You barely miss the hobgoblin.
The hobgoblin hits you but does no damage.
The ooze quivers.
You hit the hobgoblin but do no damage. The hobgoblin closely misses you.
You slash the hobgoblin!
You kill the hobgoblin!
You have reached level 2!
You regained 6 hp, and now have 23/24 hp.
MP restored: 2 You closely miss the kobold.
The kobold hits you but does no damage.
You are poisoned.
You closely miss the kobold.
You feel sick. The kobold closely misses you.
You take 1 damage, and have 22/24 hp.
You hit the kobold.
You feel sick. The kobold misses you. The kobold hits you but does no damage.
You are more poisoned.
You take 1 damage, and have 21/24 hp.
You aren't carrying any potions.
You aren't carrying any spellbooks or scrolls.
You hit the kobold but do no damage.
You feel sick. The kobold hits you but does no damage.
You are more poisoned.
You take 1 damage, and have 20/24 hp.
You feel sick.
You take 1 damage, and have 19/24 hp.
You feel sick.
You take 2 damage, and have 17/24 hp.
You feel sick.
You take 1 damage, and have 16/24 hp.
You feel sick.
You take 1 damage, and have 15/24 hp.
You feel sick.
You take 1 damage, and have 14/24 hp.
You feel sick.
You take 1 damage, and have 13/24 hp.
You feel sick.
You feel sick.
You take 1 damage, and have 12/24 hp.
You feel sick.
You take 1 damage, and have 11/24 hp.
You feel sick.
You take 1 damage, and have 10/24 hp.
You feel sick.
You take 1 damage, and have 9/24 hp.
You aren't carrying any spellbooks or scrolls.
You feel sick.
The ooze jiggles.
You take 1 damage, and have 8/24 hp.
You feel sick.
You take 1 damage, and have 7/24 hp.
You feel sick. The giant cockroach barely misses you.
You take 1 damage, and have 6/24 hp.
You feel sick.
You feel sick.
You take 1 damage, and have 5/24 hp.
The giant cockroach closely misses you.
You feel sick.
You take 1 damage, and have 4/24 hp.
The giant cockroach barely misses you.
You feel sick.
You take 1 damage, and have 3/24 hp.
You feel sick.
You take 1 damage, and have 3/24 hp.
The giant cockroach bites you but does no damage.
You feel sick.
You are no longer poisoned.
You take 1 damage, and have 2/24 hp.
The giant cockroach bites you but does no damage.
You hit the giant cockroach but do no damage.
The giant cockroach bites you but does no damage.
The giant cockroach closely misses you.
You completely miss the giant cockroach.
The giant cockroach completely misses you.
You riposte.
You closely miss the giant cockroach. You hit the giant cockroach.
The giant cockroach closely misses you.
You hit the giant cockroach.
You kill the giant cockroach!
You barely miss the kobold. The kobold barely misses you.
You hit the kobold.
You kill the kobold!
You hit the ooze. The ooze hits you.
You die...

###### .....# .#'#.##
.#.#..# ##.#### #+#
##.########.#######.#
...............J@...#
####.###########.##.#
#'# #.# ###.### #.#
#.....# +.# #.###.#
### { #..<..# #######


You could see an ooze.

Notes
Turn   | Place    | Note
-------+----------+-------------------------------------------
     0 | D:1      | theanonym the Formicid Monk began the quest for the Orb.
     0 | D:1      | Reached XP level 1. HP: 18/18 MP: 1/1
   153 | D:1      | Reached XP level 2. HP: 23/24 MP: 2/2
   165 | D:1      | HP: 12/24 [poisoned by a kobold]
   170 | D:1      | HP: 8/24 [poisoned by a kobold]
   176 | D:1      | HP: 6/24 [poisoned by a kobold]
   182 | D:1      | HP: 4/24 [poisoned by a kobold]
   190 | D:1      | HP: 3/24 [poisoned by a kobold]
   206 | D:1      | Slain by an ooze

Vanquished Creatures
  A giant cockroach (D:1)
  A goblin (D:1)
  A hobgoblin (D:1)
  2 bats (D:1)
  A frilled lizard (D:1)
  2 kobolds (D:1)
8 creatures vanquished.
